 Dungeon Crawl Stone Soup version 0.27.1-34-g3ba077fa99 (webtiles) character file.

Game seed: 11357870334966026431

308 Eitelfritz the Poker (level 6, -4/47 HPs)
             Began as a Merfolk Gladiator on Jan 12, 2022.
             Slain by a sky beast (5 damage)
             ... on level 4 of the Dungeon.
             The game lasted 00:08:14 (3841 turns).

Eitelfritz the Poker (Merfolk Gladiator)            Turns: 3841, Time: 00:08:15

Health: -4/47      AC:  4    Str: 14    XL:     6   Next: 40%
Magic:  6/6        EV: 13    Int:  9    God:
Gold:   88         SH:  0    Dex: 16    Spells: 5/5 levels left

rFire    + . .     SeeInvis .   a - +0 trident
rCold    + . .     Faith    .   (no shield)
rNeg     . . .     Spirit   .   r - +0 leather armour
rPois    .         Reflect  .   c - +0 helmet
rElec    .         Harm     .   k - scarf {rC+ rF+}
rCorr    .         Rampage  .   (no gloves)
Will     .....                  (no boots)
Stlth    ++........             (no amulet)
HPRegen  0.15/turn              (no ring)
MPRegen  0.10/turn              (no ring)

@: very slightly contaminated
A: (nimble swimmer 2), mertail
a: no special abilities


You were on level 4 of the Dungeon.
You visited 1 branch of the dungeon, and saw 4 of its levels.

You collected 88 gold pieces.

Inventory:

Hand Weapons
 a - a +0 trident (weapon)
 b - a +0 hunting sling of flaming
Missiles
 d - 3 throwing nets (quivered)
 h - 4 atropa-tipped darts
 p - 79 stones
 q - 4 poisoned darts
Armour
 c - a +0 helmet (worn)
 g - a +0 cloak
 j - a +0 ring mail
 k - a scarf of resistance (worn)
 r - a +0 leather armour (worn)
Scrolls
 e - a scroll of fog {unknown}
 f - a scroll of vulnerability {unknown}
 l - a scroll of teleportation {unknown}
 m - a scroll of identify {unknown}
 o - a scroll of noise {unknown}


   Skills:
 + Level 3.3 Fighting
 + Level 7.8 Polearms
 + Level 2.0 Throwing
 + Level 1.6 Armour
 + Level 4.6 Dodging
 + Level 2.0 Stealth


You had 5 spell levels left.
You didn't know any spells.
Your spell library contained the following spells:

 Spells                   Type           Power      Damage    Failure   Level
 Blink                    Tloc           N/A        N/A       58%         2
 Lesser Beckoning         Tloc           0%         N/A       83%         3
 Manifold Assault         Tloc           0%         N/A       100%        5


Dungeon Overview and Level Annotations

Branches:
Dungeon (4/15)
 Temple: D:4-7

Altars:
Makhleb

Shops:
D:1 (


Innate Abilities, Weirdness & Mutations

((You are quick and stealthy near water. (Stealth+, EV+, Speed+++)))
Your lower body shifts to a powerful aquatic tail in water.


Message History

The sky beast barely misses you.
It was a potion of invisibility.
You fade into invisibility!
The sky beast misses you.
You are very lightly contaminated with residual magic.
You hit the sky beast.
The sky beast is lightly wounded.
The sky beast barely misses you.
The sky beast flickers out of sight!
Deactivating autopickup; reactivate with Ctrl-A.
Something hits you but does no damage.
You hit something. You barely miss something.
You flicker for a moment.
Something hits you but does no damage.
You miss something. Something barely misses you.
You puncture something!
A sky beast appears from thin air!
Reactivating autopickup.
The sky beast barely misses you.
You catch the helpless sky beast completely off-guard!
You hit the sky beast.
The sky beast is severely wounded.
You miss the sky beast.
The sky beast is severely wounded.
The sky beast hits you but does no damage.
You puncture the sky beast!
The sky beast is almost dead.
The sky beast hits you.
* * * LOW HITPOINT WARNING * * *
The sky beast shocks you.
* * * LOW HITPOINT WARNING * * *
You closely miss the sky beast.
The sky beast is almost dead.
You flicker back into view.
The sky beast flickers out of sight!
Deactivating autopickup; reactivate with Ctrl-A.
Something hits you.
* * * LOW HITPOINT WARNING * * *
Something shocks you.
You die...

###########
#.........####.(...
#.@{...............
#..≈........#......
#.........# #......
#.........# #......
#........## #......
#)..<....# #......
#........#####.....
#...........###....
#........##..)...##


There were no monsters in sight!

Vanquished Creatures
  A necrophage (D:3)
  A centaur zombie (D:3)
  An orc priest (D:3)
  2 hounds
  Robin (D:3)
  2 adders
  A worm (D:2)
  4 orcs
  5 bats
  6 endoplasms (D:1)
  11 goblins
  10 hobgoblins
  9 kobolds
  2 quokkas
  8 ball pythons
  2 frilled lizards
  6 rats
72 creatures vanquished.

Notes
Turn   | Place    | Note
-------+----------+-------------------------------------------
     0 | D:1      | Eitelfritz the Merfolk Gladiator began the quest for the
                  | Orb.
     0 | D:1      | Reached XP level 1. HP: 16/16 MP: 1/1
   344 | D:1      | Found a faded altar of an unknown god.
   371 | D:1      | Reached skill level 5 in Polearms
   371 | D:1      | Reached XP level 2. HP: 14/22 MP: 2/2
   686 | D:1      | Found Noocac's Antique Weapon Shop.
  1210 | D:1      | Reached XP level 3. HP: 27/27 MP: 3/3
  1969 | D:2      | Reached skill level 6 in Polearms
  2267 | D:2      | Reached XP level 4. HP: 29/34 MP: 4/4
  2519 | D:3      | Noticed a necrophage
  2531 | D:3      | Killed a necrophage
  2532 | D:3      | Reached skill level 7 in Polearms
  2532 | D:3      | Reached skill level 1 in Armour
  2532 | D:3      | Reached skill level 1 in Stealth
  2532 | D:3      | Reached XP level 5. HP: 20/41 MP: 5/5
  2794 | D:3      | Found a burning altar of Makhleb.
  2794 | D:3      | Noticed an Executioner
  3013 | D:3      | Noticed Robin
  3022 | D:3      | Killed Robin
  3023 | D:3      | Reached XP level 6. HP: 36/47 MP: 6/6
  3788 | D:4      | Noticed a sky beast
  3840 | D:4      | HP: 2/47 [sky beast (5)]
  3841 | D:4      | Slain by a sky beast

Illustrated notes

Levels and vault maps discovered:
D:1:      kennysheep_arrival_seaside, layout_loops_corners,
          chequers_ecumenical_altar_island, serial_shops,
          nicolae_shop_waterfront
D:2:      layout_basic, minmay_fountain_box, minmay_stone_trees_small
D:3:      layout_loops_ring, makhleb_altar_promises_db, uniq_robin
D:4:      layout_rooms, fedhas_altar_1, okawaru_metal_pillars_1_2,
          minmay_temple_entry_from_below_b, grunt_decor_junction,
          minmay_bisected

Skill      XL: |  1  2  3  4  5  6 |
---------------+-------------------+-----
Polearms       | 5 6 7 |  7.8
Fighting       | 3 |  3.3
Armour         | 1 |  1.6
Stealth        | 1 2 |  2.0
Throwing       | |  2.0
Dodging        | |  4.6

Action                   |  1- 3 |  4- 6 || total
-------------------------+-------+-------++-------
Melee: Trident           |   144 |   119 ||   263
  Use: Potion            |       |     2 ||     2
 Stab: Sleeping          |     2 |     3 ||     5
       Invisible         |       |     1 ||     1
Armor: Leather armour    |    24 |    23 ||    47
Dodge: Dodged            |    77 |    65 ||   142
